 Dungeon Crawl Stone Soup version 0.29-a0-362-g5854e031c7 (webtiles) character file.

Game seed: 17287234403186885774

245 oldriver the Skirmisher (level 5, -9/47 HPs)
             Began as a Palentonga Abyssal Knight on Apr 30, 2022.
             Was a Priest of Lugonu.
             Splashed by a jelly's acid (10 damage)
             ... on level 3 of the Dungeon.
             The game lasted 00:03:43 (2672 turns).

oldriver the Skirmisher (Palentonga Abyssal Knight) Turns: 2672, Time: 00:03:55

Health: -9/47      AC: -7    Str: 19    XL:     5   Next: 84%
Magic:  6/6        EV:  9    Int: 10    God:    Lugonu [***...]
Gold:   121        SH:  0    Dex: 10    Spells: 4/4 levels left

rFire   . . .      SeeInvis +   a - +1 hand axe
rCold   . . .      Faith    .   (no shield)
rNeg    . . .      Spirit   .   b - +1 leather armour
rPois   .          Reflect  .   g - +2 helmet
rElec   .          Harm     .   (no cloak)
rCorr   .          Rampage  .   (no gloves)
Will    .....                   (no barding)
Stlth   +.........              (no amulet)
HPRegen 0.15/turn               (no ring)
MPRegen 0.10/turn               (no ring)

@: corroded
A: large, rugged brown scales 3, see invisible, deformed body, roll 1, armoured
tail
a: Rolling Charge, Renounce Religion, Depart the Abyss, Bend Space, Banish


You were on level 3 of the Dungeon.
You worshipped Lugonu.
Lugonu was most pleased with you.
You visited 1 branch of the dungeon, and saw 3 of its levels.
You visited the Abyss 1 time.

You collected 121 gold pieces.

Inventory:

Hand Weapons
 a - a +1 hand axe (weapon)
Armour
 b - a +1 leather armour (worn)
 g - a +2 helmet (worn)
Scrolls
 f - a scroll of identify {unknown}
Potions
 c - 2 potions of degeneration {unknown}
 d - 2 potions of haste {unknown}
 e - a potion of curing {unknown}
 h - 2 potions of lignification {unknown}
 i - 2 potions of heal wounds {unknown}
 j - a potion of flight {unknown}


   Skills:
 + Level 5.1 Fighting
 + Level 4.5 Axes
 - Level 1.5 Armour
 - Level 0.7 Dodging
 - Level 2.0 Invocations


You had 4 spell levels left.
You didn't know any spells.
Your spell library contained the following spells:

 Spells                   Type           Power      Damage    Failure   Level
 Animate Skeleton         Necr           0%         N/A       41%         1
 Pain                     Necr           0%         1d4       41%         1
 Corpse Rot               Necr/Air       0%         N/A       56%         2
 Ensorcelled Hibernation  Hex/Ice        0%         N/A       56%         2
 Passwall                 Tmut/Erth      0%         N/A       56%         2
 Swiftness                Air            0%         N/A       80%         3
 Vampiric Draining        Necr           0%         2d6       80%         3
 Dispel Undead            Necr           0%         3d6       99%         4
 Death Channel            Necr           0%         N/A       100%        6


Dungeon Overview and Level Annotations

Branches:
Dungeon (3/15)

Altars:


Innate Abilities, Weirdness & Mutations

You are completely covered in rugged brown scales. (AC +3, +7% HP)
You have supernaturally acute eyesight. (SInv)
Armour fits poorly on your strangely shaped body.
You can roll at nearby foes to attack.
You have a long armoured tail.


Message History

The dart slug is heavily wounded.
You hit the dart slug. You tail-slap the dart slug.
You kill the dart slug!
Lugonu accepts your kill.
No target in view!
HP restored.
You open the door.
A jelly comes into view.
The jelly quivers.
Found 3 gold pieces.
A jelly is nearby!
A jelly is nearby!
A jelly is nearby!
A jelly is nearby!
You roll forward with a clatter of scales!
You barely miss the jelly.
You hear a bark! x2; You hear an angry hiss.
The jelly hits you but does no damage. The jelly hits you.
You are splashed with acid!
You hit the jelly.
Your hands burn!
The jelly is moderately wounded.
The jelly hits you but does no damage.
You hit the jelly. The acid corrodes you!
Your hands burn!
The jelly is heavily wounded.
The jelly hits you. The acid corrodes you!
You are splashed with acid!
You are too injured to fight recklessly!
You are too injured to fight recklessly!
You are too injured to fight recklessly!
You hit the jelly but do no damage.
Your hands burn!
You tail-slap the jelly.
The jelly is almost dead.
The jelly hits you.
You are splashed with acid!
* * * LOW HITPOINT WARNING * * *
You hit the jelly. The acid corrodes you!
Your hands burn!
* * * LOW HITPOINT WARNING * * *
You tail-slap the jelly, but do no damage.
The jelly is almost dead.
The jelly hits you.
* * * LOW HITPOINT WARNING * * *
The acid corrodes you!
You are splashed with acid!
You die...

#.# #.....
###.##########..... .
#............#..... ..
#............#..... ...
#............#..... ....
#............#..... .....
#..................
......#..................
......rJ@................
......#############......
#.... #...... #.$. ###
#...... #.. #.. #......
.. #.#####...... .
.#######.##.........
..........#.........
..........#.........


You could see a jelly and a rat.

Vanquished Creatures
  A black bear (D:3)
  A hound (D:3)
  Robin (D:2)
  4 adders
  4 dart slugs
  A worm (D:2)
  3 orcs (D:2)
  3 ball pythons
  6 endoplasms
  A giant cockroach (D:2)
  2 hobgoblins
  8 jackals
  8 bats
  A frilled lizard (D:1)
  16 goblins
  5 kobolds
  2 rats
67 creatures vanquished.

Vanquished Creatures (others)
  A plant (D:1)
  4 toadstools (D:1)
5 creatures vanquished.

Grand Total: 72 creatures vanquished

Notes
Turn   | Place    | Note
-------+----------+-------------------------------------------
     0 | Abyss:1  | oldriver the Palentonga Abyssal Knight began the quest for
                  | the Orb.
     0 | Abyss:1  | Reached XP level 1. HP: 19/19 MP: 2/2
    56 | D:1      | Escaped the Abyss
   124 | D:1      | Reached XP level 2. HP: 25/25 MP: 3/3
   579 | D:1      | Reached *** piety under Lugonu
   602 | D:1      | Reached XP level 3. HP: 25/32 MP: 4/4
  1101 | D:2      | Noticed Robin
  1107 | D:2      | Killed Robin
  1217 | D:2      | Reached skill level 4 in Fighting
  1325 | D:2      | Reached XP level 4. HP: 34/39 MP: 5/5
  2260 | D:3      | Noticed a black bear
  2388 | D:3      | Killed a black bear
  2389 | D:3      | Reached XP level 5. HP: 22/46 MP: 6/6
  2600 | D:3      | Reached skill level 5 in Fighting
  2672 | D:3      | HP: 1/47 [jelly (3)]
  2672 | D:3      | Splashed by a jelly's acid

Illustrated notes

Levels and vault maps discovered:
D:1:      ldierk_walled_garden_2, layout_loops_ring, moated_statue,
          serial_park_tiny_pond
D:2:      layout_basic, uniq_robin
D:3:      layout_basic, serial_glass, glass_columns_b, glass_columns_b

Skill      XL: |  1  2  3  4  5 |
---------------+----------------+-----
Axes           | 3 4 |  4.5
Fighting       | 4 5 |  5.1
Armour         | |  1.5
Dodging        | |  0.7
Invocations    | |  2.0

Action                   |  1- 3 |  4- 6 || total
-------------------------+-------+-------++-------
Melee: Hand axe          |   102 |    69 ||   171
       Tailslap          |     7 |     9 ||    16
       Punch             |     1 |       ||     1
 Abil: Rolling Charge    |    19 |    13 ||    32
  Use: Scroll            |       |     4 ||     4
Armor: Leather armour    |    37 |    44 ||    81
Dodge: Dodged            |    37 |    41 ||    78

Table legend: (Time is in decaauts)
 A = Elapsed time spent in this place.
 B = Non-inter-level travel time spent in this place.
 C = Inter-level travel time spent in this place.
 D = Time resting spent in this place.
 E = Time spent auto-exploring this place.
 F = Levels seen in this place.
 G = Mean time per level.
                   A        B        C        D        E       F      G
               +--------+--------+--------+--------+--------+-----+--------+
         Total |   2701 |   2591 |    110 |    667 |   1462 |   4 |  675.2 |
       Dungeon |   2645 |   2535 |    110 |    667 |   1462 |   3 |  881.7 |
         Abyss |     56 |     56 |      0 |      0 |      0 |   1 |   56.0 |
               +--------+--------+--------+--------+--------+-----+--------+

Top non-repeatable levels by time:
     D:2: 1378 daAuts
     D:1: 1031 daAuts
     D:3: 235 daAuts
 Abyss:1: 56 daAuts
